 Dungeon Crawl Stone Soup version 0.26-a0-27-g1f0226971c (webtiles) character file.

Game seed: 10279321375513977121, levelgen mode: deterministic

2363 Lanoc the Cleaver (level 9, -10/78 HPs)
             Began as a Minotaur Skald on May 27, 2020.
             Was a Priest of Makhleb.
             Mangled by an orc warrior
             ... wielding a +0 flail
              (19 damage)
             ... on level 8 of the Dungeon.
             The game lasted 00:11:04 (8998 turns).

Lanoc the Cleaver (Minotaur Skald)                  Turns: 8998, Time: 00:11:05

Health: -10/78     AC:  5    Str: 17    XL:     9   Next: 21%
Magic:  1/11       EV: 14    Int: 12    God:    Makhleb [***...]
Gold:   240        SH:  0    Dex: 10    Spells: 7/10 levels left

rFire    . . .     SeeInvis .   a - +0 hand axe (vorpal)
rCold    . . .     Gourm    .   (no shield)
rNeg     . . .     Faith    .   b - +0 leather armour
rPois    .         Spirit   .   (helmet restricted)
rElec    .         Reflect  .   s - +1 cloak
rCorr    .         Harm     .   p - +0 pair of gloves
MR       .....                  (no boots)
Stlth    +.........             k - amulet of the acrobat
HPRegen  0.23/turn              (no ring)
MPRegen  0.12/turn              (no ring)

@: singing
A: retaliatory headbutt, horns 2, clever 1, clumsy 1, deformed body, wild magic
1
a: Minor Destruction, Lesser Servant of Makhleb, Renounce Religion


You were on level 8 of the Dungeon.
You worshipped Makhleb.
Makhleb was most pleased with you.
You were very hungry.

You visited 2 branches of the dungeon, and saw 9 of its levels.

You collected 240 gold pieces.

Inventory:

Hand Weapons
 a - a +0 vorpal hand axe (weapon)
Armour
 b - a +0 leather armour (worn)
 p - a +0 pair of gloves (worn)
 s - a +1 cloak (worn)
Jewellery
 k - an amulet of the acrobat (around neck)
Wands
 m - a wand of acid (18)
 v - a wand of digging (5)
Scrolls
 c - 4 scrolls of teleportation {unknown}
 e - 3 scrolls of random uselessness {unknown}
 f - 3 scrolls of enchant armour {unknown}
 g - 3 scrolls of fog {unknown}
 h - 8 scrolls of remove curse {unknown}
 i - 12 scrolls of identify {unknown}
 j - 8 scrolls of amnesia {unknown}
 l - a scroll of magic mapping {unknown}
 q - 2 scrolls of enchant weapon {unknown}
 x - 2 scrolls of immolation {unknown}
Potions
 n - a potion of curing {unknown}
 o - 2 potions of invisibility {unknown}
 r - a potion of brilliance {unknown}
 t - a potion of cancellation {unknown}
 u - 4 potions of stabbing {unknown}
 w - a potion of haste {unknown}
 A - a potion of resistance {unknown}
Comestibles
 d - 14 rations


   Skills:
 + Level 6.6 Fighting
 * Level 9.0 Axes
 + Level 6.1 Armour
 + Level 5.8 Dodging
 - Level 1.3 Spellcasting
 - Level 2.0 Charms
 + Level 4.5 Invocations


You had 7 spell levels left.
You knew the following spells:

 Your Spells              Type           Power        Failure   Level  Hunger
a - Infusion              Chrm           #...         22%         1    ##.....
b - Song of Slaying       Chrm           #.......     30%         2    ###....

Your spell library contained the following spells:

 Spells                   Type           Power        Failure   Level  Hunger
 Shroud of Golubria       Chrm/Tloc      #.....       43%         2    ###....
 Ozocubu's Armour         Chrm/Ice       #.......     65%         3    ####...
 Spectral Weapon          Hex/Chrm       #.......     65%         3    ####...


Dungeon Overview and Level Annotations

Branches:
Dungeon (8/15)             Temple (1/1) D:5
   Lair: D:8-11

Altars:
Ashenzari
Elyvilon
Fedhas
Gozag
Hepliaklqana
Kikubaaqudgha
Makhleb
Nemelex Xobeh
Okawaru
Uskayaw
Wu Jian
Xom
Yredelemnul
Zin


Innate Abilities, Weirdness & Mutations

You reflexively headbutt those who attack you in melee.
You have a pair of horns on your head.
Your mind is acute. (Int +2)
You are clumsy. (Dex -2)
Armour fits poorly on your strangely shaped body.
Your spells are a little harder to cast, but a little more powerful.


Message History

You kill the orc priest!
Makhleb accepts your kill.
You feel better.
You hit the orc warrior but do no damage.
The orc warrior hits you with a +0 flail!
You hit the orc warrior.
The orc warrior is heavily wounded.
The orc warrior hits you with a +0 flail!
* * * LOW HITPOINT WARNING * * *
You closely miss the orc warrior.
The orc warrior is heavily wounded.
You hit the orc warrior.
The orc warrior is severely wounded.
You are no longer magically infusing your attacks.
The orc warrior hits you with a +0 flail.
* * * LOW HITPOINT WARNING * * *
You hit the orc warrior but do no damage.
The orc warrior is severely wounded.
The orc warrior hits you with a +0 flail!!
You die...

#....#....#....# ....#
#....+....#....# ....#
##....#....##...# ....
......#....###'###...
##. ......#.........#...
.... ......#.........#..
.....
......#....##...#.#...♣
......#....####'#o...♣
.....)'.........@[..♣.♣
......#....##...)..♣.♣
......#....##.....♣.♣._
......#....####'#..♣.♣.♣
......#....# ......♣.♣.♣
......######
........♣.♣. .......
.....#...♣. ...... ....
......


You could see an orc warrior.

Vanquished Creatures
  Grinder (D:3)
  Prince Ribbit (D:7)
  A hungry ghost (D:7)
  An ice beast (D:5)
  A sky beast (D:6)
  An ogre (D:8)
  A centaur (D:5)
  4 bullfrogs
  3 scorpions
  3 killer bees (D:7)
  A bullfrog zombie (D:6)
  A centaur zombie (D:6)
  A quasit (D:6)
  6 orc priests
  8 orc wizards
  A hound (D:5)
  A centaur skeleton (D:7)
  An iguana (D:7)
  3 worker ants
  A hound zombie (D:8)
  A hound skeleton (D:7)
  A worker ant zombie (D:5)
  12 adders
  2 shadow imps
  4 worms
  2 dart slugs (D:2)
  5 leopard geckos
  28 orcs
  8 giant cockroaches
  8 goblins
  4 hobgoblins
  12 jackals
  8 kobolds
  7 quokkas
  2 ball pythons
  9 bats
  8 frilled lizards
  A giant cockroach zombie (D:6)
  A jackal skeleton (D:4)
  A leopard gecko skeleton (D:4)
  7 rats
172 creatures vanquished.

Notes
Turn   | Place    | Note
-------+----------+-------------------------------------------
     0 | D:1      | Lanoc the Minotaur Skald began the quest for the Orb.
     0 | D:1      | Reached XP level 1. HP: 18/18 MP: 1/1
   114 | D:1      | Reached XP level 2. HP: 17/25 MP: 3/3
   343 | D:1      | Reached skill level 3 in Axes
   394 | D:1      | Reached XP level 3. HP: 9/30 MP: 0/4
   750 | D:2      | Gained mutation: Armour fits poorly on your strangely
                  | shaped body. [potion of mutation]
   750 | D:2      | Gained mutation: You are clumsy. (Dex -2) [potion of
                  | mutation]
   750 | D:2      | Gained mutation: Your spells are a little harder to cast,
                  | but a little more powerful. [potion of mutation]
   750 | D:2      | Gained mutation: Your mind is acute. (Int +2) [potion of
                  | mutation]
  1098 | D:2      | Found a burning altar of Makhleb.
  1114 | D:2      | Became a worshipper of Makhleb the Destroyer
  1126 | D:2      | Reached XP level 4. HP: 33/38 MP: 5/5
  1188 | D:2      | Found a shattered altar of Ashenzari.
  1507 | D:2      | Found a hazy altar of Hepliaklqana.
  1939 | D:3      | Reached skill level 4 in Axes
  1941 | D:3      | Reached XP level 5. HP: 18/45 MP: 6/6
  2532 | D:3      | Reached skill level 1 in Invocations
  2819 | D:3      | Reached * piety under Makhleb
  2865 | D:3      | Reached skill level 5 in Axes
  2903 | D:3      | Found a basalt altar of Yredelemnul.
  3089 | D:3      | Reached XP level 6. HP: 49/52 MP: 5/7
  3428 | D:3      | Noticed Grinder
  3445 | D:3      | Killed Grinder
  3668 | D:4      | Learned a level 2 spell: Song of Slaying
  3887 | D:4      | Reached XP level 7. HP: 60/60 MP: 5/8
  4564 | D:4      | Found an opulent altar of Gozag.
  4745 | D:5      | Entered Level 5 of the Dungeon
  4838 | D:5      | Reached skill level 6 in Axes
  5655 | D:5      | Found a staircase to the Ecumenical Temple.
  5664 | D:5      | Reached skill level 5 in Fighting
  5670 | Temple   | Entered the Ecumenical Temple
  6360 | D:6      | Reached ** piety under Makhleb
  6360 | D:6      | Reached XP level 8. HP: 30/68 MP: 0/9
  6361 | D:6      | Reached skill level 7 in Axes
  6575 | D:6      | Reached skill level 5 in Armour
  6713 | D:6      | Found a hide-covered altar of Uskayaw.
  6739 | D:6      | Reached skill level 5 in Dodging
  6942 | D:6      | Found a sparkling altar of Nemelex Xobeh.
  7024 | D:6      | Found a glowing silver altar of Zin.
  7026 | D:6      | Found an ancient bone altar of Kikubaaqudgha.
  7043 | D:6      | Found an ornate altar of the Wu Jian Council.
  7232 | D:7      | Reached skill level 8 in Axes
  7256 | D:7      | HP: 3/70 [hound skeleton (2)]
  7650 | D:7      | Found a blossoming altar of Fedhas.
  7848 | D:7      | Found a shimmering altar of Xom.
  7850 | D:7      | Found a white marble altar of Elyvilon.
  8253 | D:7      | Reached XP level 9. HP: 68/77 MP: 5/11
  8369 | D:7      | Noticed Prince Ribbit
  8399 | D:7      | Killed Prince Ribbit
  8586 | D:7      | Reached *** piety under Makhleb
  8980 | D:8      | Found an iron altar of Okawaru.
  8993 | D:8      | Reached skill level 9 in Axes
  8998 | D:8      | Mangled by an orc warrior

Illustrated notes

Levels and vault maps discovered:
D:1:      wander_arrival_peaceful_grave, layout_basic, minmay_quantized
D:2:      layout_basic, marbit_many_paths, nicolae_ashenzari_panopticon,
          nicolae_overflow_crystal_walls, first_ration,
          hangedman_feature_mirror, minmay_misc_feat_plants, grunt_ministairs_1
D:3:      layout_basic, yredelemnul_altar_generic, uniq_grinder
D:4:      layout_layer_cave, overflow_temple_1_default
D:5:      layout_loops_ring, minmay_temple_entry_mist
D:6:      layout_loops_cross, kennysheep_little_box,
          nicolae_overflow_hidden_temple
D:7:      layout_basic, fedhas_altar_3,
          chequers_temple_overflow_statue_of_worship, uniq_prince_ribbit1
D:8:      layout_gridville, lemuel_doored_altar, okawaru_trees_2,
          david_lair_shrubbed, serial_shops, nicolae_shop_trees
Temple:   corrupted_temple

Skill      XL: |  1  2  3  4  5  6  7  8  9 |
---------------+----------------------------+-----
Axes           | 3 4 5 6 8 9 |  9.0
Fighting       | 3 4 5 6 |  6.6
Armour         | 2 3 4 5 6 |  6.1
Dodging        | 3 4 5 |  5.8
Invocations    | 1 2 3 4 |  4.5
Spellcasting   | |  1.3
Charms         | |  2.0

Action                   |  1- 3 |  4- 6 |  7- 9 || total
-------------------------+-------+-------+-------++-------
Melee: Hand axe          |    58 |   130 |   253 ||   441
       Headbutt          |     9 |    18 |    44 ||    71
 Cast: Infusion          |     4 |    19 |    24 ||    47
       Song of Slaying   |       |       |     3 ||     3
  Use: Potion            |     3 |     1 |     3 ||     7
  Eat: Chunk             |     1 |     9 |    17 ||    27
Armor: Leather armour    |    22 |    14 |    69 ||   105
Dodge: Dodged            |    67 |    98 |   218 ||   383

Table legend:
 A = Non-vault XP
 B = Vault XP
 C = Vault XP percentage of total XP
 D = Non-vault monster count
 E = Vault monster count
 F = Vault count percentage of total count
                 A         B        C        D         E       F
            +---------+---------+-------+---------+---------+-------
      Total |    2805 |     572 |  16.9 |     166 |       6 |   3.5
            +---------+---------+-------+---------+---------+-------
        D:1 |      33 |      16 |  32.7 |      21 |       3 |  12.5
        D:2 |      64 |       1 |   1.5 |      24 |       1 |   4.0
        D:3 |     285 |     281 |  49.6 |      33 |       1 |   2.9
        D:4 |     101 |       0 |   0.0 |      15 |       0 |   0.0
        D:5 |     514 |       0 |   0.0 |      14 |       0 |   0.0
        D:6 |     644 |       0 |   0.0 |      28 |       0 |   0.0
        D:7 |     945 |     274 |  22.5 |      26 |       1 |   3.7
        D:8 |     219 |       0 |   0.0 |       5 |       0 |   0.0
            +---------+---------+-------+---------+---------+-------
